Workbook
Name Additional_principal: Sheet1!$C$15
Name Annual_appreciation: Sheet1!$C$17
Name Down_payment: Sheet1!$C$10
Name Insurance__annual: Sheet1!$C$18
Name Loan_amount: Sheet1!$C$11
Name Marginal_tax_bracket: Sheet1!$C$16
Name Payment: Sheet1!$C$12
Name Property_tax_rate: Sheet1!$C$19
Name Purchase_price: Sheet1!$C$9
Name Rate: Sheet1!$C$8

Sheet Sheet1
B2: Mortgage Financial Analysis
B4: This calculator computes your financial position for the first 10 years of a mortgage. Click on the yellow-highlighted cells to change their values, then press "Enter" to update the tables. All values in the table are cumulative.
B6: Mortgage parameters | E6: Cumulative Financial Analysis - 1 to 10 years
B7: Mortgage term (years) | C7: 30 | E7: Years | F7: Cash out** | G7: Tax savings | H7: Net cost*** | I7: Loan balance | J7: Property value | K7: Equity
B8: Rate | C8: 0.04 | E8: 1 | F8: =SUM(Sheet2!G13:I13)+Purchase_price*(1+Annual_appreciation)^(E8-1)*Property_tax_rate+Insurance__annual+Down_payment -> 224686.95 | G8: =Sheet2!G13*Marginal_tax_bracket -> 2856.9219 | H8: =F8-G8 -> 221830.03 | I8: =Sheet2!F13 -> 294716.89 | J8: =$C$9*(1+$C$17)^E8 -> 515000 | K8: =J8-I8 -> 220283.11
B9: Purchase price | C9: 500000 | E9: =1+E8 -> 2 | F9: =SUM(Sheet2!G25:I25)+Purchase_price*(1+Annual_appreciation)^(E9-1)*Property_tax_rate+Insurance__annual+F8 -> 249448.9 | G9: =Sheet2!G25*Marginal_tax_bracket+G8 -> 5662.1858 | H9: =F9-G9 -> 243786.72 | I9: =Sheet2!F25 -> 289218.54 | J9: =$C$9*(1+$C$17)^E9 -> 530450 | K9: =J9-I9 -> 241231.46
B10: Down payment | C10: 200000 | E10: =1+E9 -> 3 | F10: =SUM(Sheet2!G37:I37)+Purchase_price*(1+Annual_appreciation)^(E10-1)*Property_tax_rate+Insurance__annual+F9 -> 274288.1 | G10: =Sheet2!G37*Marginal_tax_bracket+G9 -> 8413.6869 | H10: =F10-G10 -> 265874.42 | I10: =Sheet2!F37 -> 283496.18 | J10: =$C$9*(1+$C$17)^E10 -> 546363.5 | K10: =J10-I10 -> 262867.32
B11: Loan amount | C11: =C9-C10 -> 300000 | E11: =1+E10 -> 4 | F11: =SUM(Sheet2!G49:I49)+Purchase_price*(1+Annual_appreciation)^(E11-1)*Property_tax_rate+Insurance__annual+F10 -> 299206.87 | G11: =Sheet2!G49*Marginal_tax_bracket+G10 -> 11109.235 | H11: =F11-G11 -> 288097.64 | I11: =Sheet2!F49 -> 277540.68 | J11: =$C$9*(1+$C$17)^E11 -> 562754.4 | K11: =J11-I11 -> 285213.73
B12: Payment | C12: =-PMT(C8/12, C7*12, C11) -> 1432.2459 | E12: =1+E11 -> 5 | F12: =SUM(Sheet2!G61:I61)+Purchase_price*(1+Annual_appreciation)^(E12-1)*Property_tax_rate+Insurance__annual+F11 -> 324207.59 | G12: =Sheet2!G61*Marginal_tax_bracket+G11 -> 13746.55 | H12: =F12-G12 -> 310461.04 | I12: =Sheet2!F61 -> 271342.54 | J12: =$C$9*(1+$C$17)^E12 -> 579637.04 | K12: =J12-I12 -> 308294.5
E13: =1+E12 -> 6 | F13: =SUM(Sheet2!G73:I73)+Purchase_price*(1+Annual_appreciation)^(E13-1)*Property_tax_rate+Insurance__annual+F12 -> 349292.73 | G13: =Sheet2!G73*Marginal_tax_bracket+G12 -> 16323.26 | H13: =F13-G13 -> 332969.47 | I13: =Sheet2!F73 -> 264891.88 | J13: =$C$9*(1+$C$17)^E13 -> 597026.15 | K13: =J13-I13 -> 332134.27
B14: Additional factors | E14: =1+E13 -> 7 | F14: =SUM(Sheet2!G85:I85)+Purchase_price*(1+Annual_appreciation)^(E14-1)*Property_tax_rate+Insurance__annual+F13 -> 374464.81 | G14: =Sheet2!G85*Marginal_tax_bracket+G13 -> 18836.896 | H14: =F14-G14 -> 355627.91 | I14: =Sheet2!F85 -> 258178.41 | J14: =$C$9*(1+$C$17)^E14 -> 614936.93 | K14: =J14-I14 -> 356758.52
B15: Additional principal* | C15: 0 | E15: =1+E14 -> 8 | F15: =SUM(Sheet2!G97:I97)+Purchase_price*(1+Annual_appreciation)^(E15-1)*Property_tax_rate+Insurance__annual+F14 -> 399726.45 | G15: =Sheet2!G97*Marginal_tax_bracket+G14 -> 21284.888 | H15: =F15-G15 -> 378441.56 | I15: =Sheet2!F97 -> 251191.43 | J15: =$C$9*(1+$C$17)^E15 -> 633385.04 | K15: =J15-I15 -> 382193.61
B16: Marginal tax bracket | C16: 0.24 | E16: =1+E15 -> 9 | F16: =SUM(Sheet2!G109:I109)+Purchase_price*(1+Annual_appreciation)^(E16-1)*Property_tax_rate+Insurance__annual+F15 -> 425080.32 | G16: =Sheet2!G109*Marginal_tax_bracket+G15 -> 23664.561 | H16: =F16-G16 -> 401415.76 | I16: =Sheet2!F109 -> 243919.78 | J16: =$C$9*(1+$C$17)^E16 -> 652386.59 | K16: =J16-I16 -> 408466.81
B17: Annual appreciation | C17: 0.03 | E17: =1+E16 -> 10 | F17: =SUM(Sheet2!G121:I121)+Purchase_price*(1+Annual_appreciation)^(E17-1)*Property_tax_rate+Insurance__annual+F16 -> 450529.2 | G17: =Sheet2!G121*Marginal_tax_bracket+G16 -> 25973.132 | H17: =F17-G17 -> 424556.07 | I17: =Sheet2!F121 -> 236351.88 | J17: =$C$9*(1+$C$17)^E17 -> 671958.19 | K17: =J17-I17 -> 435606.31
B18: Insurance (annual) | C18: 5000
B19: Property tax rate | C19: 0.005
B21: * - additional principal payment applied each month (optional)
B22: ** - includes down payment, total principal and interest, property taxes and insurance
B23: *** - cash out less tax savings

Sheet Sheet2
A1: Month | B1: Balance | C1: Interest | D1: Principal paid | E1: Pre-paid | F1: New Balance | G1: Annual Interest Paid | H1: Annual Principal Paid | I1: Annual Pre-pay
A2: 1 | B2: =Sheet1!$C$11 -> 300000 | C2: =B2*Sheet1!$C$8/12 -> 1000 | D2: =Sheet1!$C$12-C2 -> 432.24589 | E2: =Sheet1!$C$15 -> 0 | F2: =MAX(B2-D2-E2,0) -> 299567.75
A3: =1+A2 -> 2 | B3: =F2 -> 299567.75 | C3: =B3*Rate/12 -> 998.55918 | D3: =MIN(Payment,B3+C3)-C3 -> 433.68671 | E3: =MIN(Additional_principal,B3-D3) -> 0 | F3: =MAX(B3-D3-E3,0) -> 299134.07
A4: =1+A3 -> 3 | B4: =F3 -> 299134.07 | C4: =B4*Rate/12 -> 997.11356 | D4: =MIN(Payment,B4+C4)-C4 -> 435.13233 | E4: =MIN(Additional_principal,B4-D4) -> 0 | F4: =MAX(B4-D4-E4,0) -> 298698.94
A5: =1+A4 -> 4 | B5: =F4 -> 298698.94 | C5: =B5*Rate/12 -> 995.66312 | D5: =MIN(Payment,B5+C5)-C5 -> 436.58277 | E5: =MIN(Additional_principal,B5-D5) -> 0 | F5: =MAX(B5-D5-E5,0) -> 298262.35
A6: =1+A5 -> 5 | B6: =F5 -> 298262.35 | C6: =B6*Rate/12 -> 994.20784 | D6: =MIN(Payment,B6+C6)-C6 -> 438.03805 | E6: =MIN(Additional_principal,B6-D6) -> 0 | F6: =MAX(B6-D6-E6,0) -> 297824.31
A7: =1+A6 -> 6 | B7: =F6 -> 297824.31 | C7: =B7*Rate/12 -> 992.74771 | D7: =MIN(Payment,B7+C7)-C7 -> 439.49817 | E7: =MIN(Additional_principal,B7-D7) -> 0 | F7: =MAX(B7-D7-E7,0) -> 297384.82
A8: =1+A7 -> 7 | B8: =F7 -> 297384.82 | C8: =B8*Rate/12 -> 991.28272 | D8: =MIN(Payment,B8+C8)-C8 -> 440.96317 | E8: =MIN(Additional_principal,B8-D8) -> 0 | F8: =MAX(B8-D8-E8,0) -> 296943.85
A9: =1+A8 -> 8 | B9: =F8 -> 296943.85 | C9: =B9*Rate/12 -> 989.81284 | D9: =MIN(Payment,B9+C9)-C9 -> 442.43304 | E9: =MIN(Additional_principal,B9-D9) -> 0 | F9: =MAX(B9-D9-E9,0) -> 296501.42
A10: =1+A9 -> 9 | B10: =F9 -> 296501.42 | C10: =B10*Rate/12 -> 988.33807 | D10: =MIN(Payment,B10+C10)-C10 -> 443.90782 | E10: =MIN(Additional_principal,B10-D10) -> 0 | F10: =MAX(B10-D10-E10,0) -> 296057.51
A11: =1+A10 -> 10 | B11: =F10 -> 296057.51 | C11: =B11*Rate/12 -> 986.85837 | D11: =MIN(Payment,B11+C11)-C11 -> 445.38751 | E11: =MIN(Additional_principal,B11-D11) -> 0 | F11: =MAX(B11-D11-E11,0) -> 295612.12
A12: =1+A11 -> 11 | B12: =F11 -> 295612.12 | C12: =B12*Rate/12 -> 985.37375 | D12: =MIN(Payment,B12+C12)-C12 -> 446.87214 | E12: =MIN(Additional_principal,B12-D12) -> 0 | F12: =MAX(B12-D12-E12,0) -> 295165.25
A13: =1+A12 -> 12 | B13: =F12 -> 295165.25 | C13: =B13*Rate/12 -> 983.88417 | D13: =MIN(Payment,B13+C13)-C13 -> 448.36171 | E13: =MIN(Additional_principal,B13-D13) -> 0 | F13: =MAX(B13-D13-E13,0) -> 294716.89 | G13: =SUM(C2:C13) -> 11903.841 | H13: =SUM(D2:D13) -> 5283.1093 | I13: =SUM(E2:E13) -> 0 | J13: ="year "&A13/12 -> year 1
A14: =1+A13 -> 13 | B14: =F13 -> 294716.89 | C14: =B14*Rate/12 -> 982.38964 | D14: =MIN(Payment,B14+C14)-C14 -> 449.85625 | E14: =MIN(Additional_principal,B14-D14) -> 0 | F14: =MAX(B14-D14-E14,0) -> 294267.03
A15: =1+A14 -> 14 | B15: =F14 -> 294267.03 | C15: =B15*Rate/12 -> 980.89011 | D15: =MIN(Payment,B15+C15)-C15 -> 451.35577 | E15: =MIN(Additional_principal,B15-D15) -> 0 | F15: =MAX(B15-D15-E15,0) -> 293815.68
A16: =1+A15 -> 15 | B16: =F15 -> 293815.68 | C16: =B16*Rate/12 -> 979.3856 | D16: =MIN(Payment,B16+C16)-C16 -> 452.86029 | E16: =MIN(Additional_principal,B16-D16) -> 0 | F16: =MAX(B16-D16-E16,0) -> 293362.82
A17: =1+A16 -> 16 | B17: =F16 -> 293362.82 | C17: =B17*Rate/12 -> 977.87606 | D17: =MIN(Payment,B17+C17)-C17 -> 454.36983 | E17: =MIN(Additional_principal,B17-D17) -> 0 | F17: =MAX(B17-D17-E17,0) -> 292908.45
A18: =1+A17 -> 17 | B18: =F17 -> 292908.45 | C18: =B18*Rate/12 -> 976.3615 | D18: =MIN(Payment,B18+C18)-C18 -> 455.88439 | E18: =MIN(Additional_principal,B18-D18) -> 0 | F18: =MAX(B18-D18-E18,0) -> 292452.56
A19: =1+A18 -> 18 | B19: =F18 -> 292452.56 | C19: =B19*Rate/12 -> 974.84188 | D19: =MIN(Payment,B19+C19)-C19 -> 457.40401 | E19: =MIN(Additional_principal,B19-D19) -> 0 | F19: =MAX(B19-D19-E19,0) -> 291995.16
A20: =1+A19 -> 19 | B20: =F19 -> 291995.16 | C20: =B20*Rate/12 -> 973.3172 | D20: =MIN(Payment,B20+C20)-C20 -> 458.92869 | E20: =MIN(Additional_principal,B20-D20) -> 0 | F20: =MAX(B20-D20-E20,0) -> 291536.23
A21: =1+A20 -> 20 | B21: =F20 -> 291536.23 | C21: =B21*Rate/12 -> 971.78744 | D21: =MIN(Payment,B21+C21)-C21 -> 460.45845 | E21: =MIN(Additional_principal,B21-D21) -> 0 | F21: =MAX(B21-D21-E21,0) -> 291075.77
A22: =1+A21 -> 21 | B22: =F21 -> 291075.77 | C22: =B22*Rate/12 -> 970.25258 | D22: =MIN(Payment,B22+C22)-C22 -> 461.99331 | E22: =MIN(Additional_principal,B22-D22) -> 0 | F22: =MAX(B22-D22-E22,0) -> 290613.78
A23: =1+A22 -> 22 | B23: =F22 -> 290613.78 | C23: =B23*Rate/12 -> 968.7126 | D23: =MIN(Payment,B23+C23)-C23 -> 463.53329 | E23: =MIN(Additional_principal,B23-D23) -> 0 | F23: =MAX(B23-D23-E23,0) -> 290150.25
A24: =1+A23 -> 23 | B24: =F23 -> 290150.25 | C24: =B24*Rate/12 -> 967.16749 | D24: =MIN(Payment,B24+C24)-C24 -> 465.0784 | E24: =MIN(Additional_principal,B24-D24) -> 0 | F24: =MAX(B24-D24-E24,0) -> 289685.17
A25: =1+A24 -> 24 | B25: =F24 -> 289685.17 | C25: =B25*Rate/12 -> 965.61723 | D25: =MIN(Payment,B25+C25)-C25 -> 466.62866 | E25: =MIN(Additional_principal,B25-D25) -> 0 | F25: =MAX(B25-D25-E25,0) -> 289218.54 | G25: =SUM(C14:C25) -> 11688.599 | H25: =SUM(D14:D25) -> 5498.3513 | I25: =SUM(E14:E25) -> 0 | J25: ="year "&A25/12 -> year 2
A26: =1+A25 -> 25 | B26: =F25 -> 289218.54 | C26: =B26*Rate/12 -> 964.0618 | D26: =MIN(Payment,B26+C26)-C26 -> 468.18409 | E26: =MIN(Additional_principal,B26-D26) -> 0 | F26: =MAX(B26-D26-E26,0) -> 288750.36
A27: =1+A26 -> 26 | B27: =F26 -> 288750.36 | C27: =B27*Rate/12 -> 962.50118 | D27: =MIN(Payment,B27+C27)-C27 -> 469.7447 | E27: =MIN(Additional_principal,B27-D27) -> 0 | F27: =MAX(B27-D27-E27,0) -> 288280.61
A28: =1+A27 -> 27 | B28: =F27 -> 288280.61 | C28: =B28*Rate/12 -> 960.93537 | D28: =MIN(Payment,B28+C28)-C28 -> 471.31052 | E28: =MIN(Additional_principal,B28-D28) -> 0 | F28: =MAX(B28-D28-E28,0) -> 287809.3
A29: =1+A28 -> 28 | B29: =F28 -> 287809.3 | C29: =B29*Rate/12 -> 959.36433 | D29: =MIN(Payment,B29+C29)-C29 -> 472.88155 | E29: =MIN(Additional_principal,B29-D29) -> 0 | F29: =MAX(B29-D29-E29,0) -> 287336.42
A30: =1+A29 -> 29 | B30: =F29 -> 287336.42 | C30: =B30*Rate/12 -> 957.78806 | D30: =MIN(Payment,B30+C30)-C30 -> 474.45782 | E30: =MIN(Additional_principal,B30-D30) -> 0 | F30: =MAX(B30-D30-E30,0) -> 286861.96
A31: =1+A30 -> 30 | B31: =F30 -> 286861.96 | C31: =B31*Rate/12 -> 956.20654 | D31: =MIN(Payment,B31+C31)-C31 -> 476.03935 | E31: =MIN(Additional_principal,B31-D31) -> 0 | F31: =MAX(B31-D31-E31,0) -> 286385.92
A32: =1+A31 -> 31 | B32: =F31 -> 286385.92 | C32: =B32*Rate/12 -> 954.61974 | D32: =MIN(Payment,B32+C32)-C32 -> 477.62615 | E32: =MIN(Additional_principal,B32-D32) -> 0 | F32: =MAX(B32-D32-E32,0) -> 285908.3
A33: =1+A32 -> 32 | B33: =F32 -> 285908.3 | C33: =B33*Rate/12 -> 953.02765 | D33: =MIN(Payment,B33+C33)-C33 -> 479.21824 | E33: =MIN(Additional_principal,B33-D33) -> 0 | F33: =MAX(B33-D33-E33,0) -> 285429.08
A34: =1+A33 -> 33 | B34: =F33 -> 285429.08 | C34: =B34*Rate/12 -> 951.43026 | D34: =MIN(Payment,B34+C34)-C34 -> 480.81563 | E34: =MIN(Additional_principal,B34-D34) -> 0 | F34: =MAX(B34-D34-E34,0) -> 284948.26
A35: =1+A34 -> 34 | B35: =F34 -> 284948.26 | C35: =B35*Rate/12 -> 949.82754 | D35: =MIN(Payment,B35+C35)-C35 -> 482.41835 | E35: =MIN(Additional_principal,B35-D35) -> 0 | F35: =MAX(B35-D35-E35,0) -> 284465.84
A36: =1+A35 -> 35 | B36: =F35 -> 284465.84 | C36: =B36*Rate/12 -> 948.21948 | D36: =MIN(Payment,B36+C36)-C36 -> 484.02641 | E36: =MIN(Additional_principal,B36-D36) -> 0 | F36: =MAX(B36-D36-E36,0) -> 283981.82
A37: =1+A36 -> 36 | B37: =F36 -> 283981.82 | C37: =B37*Rate/12 -> 946.60606 | D37: =MIN(Payment,B37+C37)-C37 -> 485.63983 | E37: =MIN(Additional_principal,B37-D37) -> 0 | F37: =MAX(B37-D37-E37,0) -> 283496.18 | G37: =SUM(C26:C37) -> 11464.588 | H37: =SUM(D26:D37) -> 5722.3626 | I37: =SUM(E26:E37) -> 0 | J37: ="year "&A37/12 -> year 3
A38: =1+A37 -> 37 | B38: =F37 -> 283496.18 | C38: =B38*Rate/12 -> 944.98726 | D38: =MIN(Payment,B38+C38)-C38 -> 487.25863 | E38: =MIN(Additional_principal,B38-D38) -> 0 | F38: =MAX(B38-D38-E38,0) -> 283008.92
A39: =1+A38 -> 38 | B39: =F38 -> 283008.92 | C39: =B39*Rate/12 -> 943.36306 | D39: =MIN(Payment,B39+C39)-C39 -> 488.88283 | E39: =MIN(Additional_principal,B39-D39) -> 0 | F39: =MAX(B39-D39-E39,0) -> 282520.04
A40: =1+A39 -> 39 | B40: =F39 -> 282520.04 | C40: =B40*Rate/12 -> 941.73345 | D40: =MIN(Payment,B40+C40)-C40 -> 490.51244 | E40: =MIN(Additional_principal,B40-D40) -> 0 | F40: =MAX(B40-D40-E40,0) -> 282029.52
A41: =1+A40 -> 40 | B41: =F40 -> 282029.52 | C41: =B41*Rate/12 -> 940.09841 | D41: =MIN(Payment,B41+C41)-C41 -> 492.14748 | E41: =MIN(Additional_principal,B41-D41) -> 0 | F41: =MAX(B41-D41-E41,0) -> 281537.38
A42: =1+A41 -> 41 | B42: =F41 -> 281537.38 | C42: =B42*Rate/12 -> 938.45792 | D42: =MIN(Payment,B42+C42)-C42 -> 493.78797 | E42: =MIN(Additional_principal,B42-D42) -> 0 | F42: =MAX(B42-D42-E42,0) -> 281043.59
A43: =1+A42 -> 42 | B43: =F42 -> 281043.59 | C43: =B43*Rate/12 -> 936.81196 | D43: =MIN(Payment,B43+C43)-C43 -> 495.43393 | E43: =MIN(Additional_principal,B43-D43) -> 0 | F43: =MAX(B43-D43-E43,0) -> 280548.15
A44: =1+A43 -> 43 | B44: =F43 -> 280548.15 | C44: =B44*Rate/12 -> 935.16051 | D44: =MIN(Payment,B44+C44)-C44 -> 497.08537 | E44: =MIN(Additional_principal,B44-D44) -> 0 | F44: =MAX(B44-D44-E44,0) -> 280051.07
A45: =1+A44 -> 44 | B45: =F44 -> 280051.07 | C45: =B45*Rate/12 -> 933.50356 | D45: =MIN(Payment,B45+C45)-C45 -> 498.74233 | E45: =MIN(Additional_principal,B45-D45) -> 0 | F45: =MAX(B45-D45-E45,0) -> 279552.33
A46: =1+A45 -> 45 | B46: =F45 -> 279552.33 | C46: =B46*Rate/12 -> 931.84109 | D46: =MIN(Payment,B46+C46)-C46 -> 500.4048 | E46: =MIN(Additional_principal,B46-D46) -> 0 | F46: =MAX(B46-D46-E46,0) -> 279051.92
A47: =1+A46 -> 46 | B47: =F46 -> 279051.92 | C47: =B47*Rate/12 -> 930.17307 | D47: =MIN(Payment,B47+C47)-C47 -> 502.07282 | E47: =MIN(Additional_principal,B47-D47) -> 0 | F47: =MAX(B47-D47-E47,0) -> 278549.85
A48: =1+A47 -> 47 | B48: =F47 -> 278549.85 | C48: =B48*Rate/12 -> 928.49949 | D48: =MIN(Payment,B48+C48)-C48 -> 503.74639 | E48: =MIN(Additional_principal,B48-D48) -> 0 | F48: =MAX(B48-D48-E48,0) -> 278046.1
A49: =1+A48 -> 48 | B49: =F48 -> 278046.1 | C49: =B49*Rate/12 -> 926.82034 | D49: =MIN(Payment,B49+C49)-C49 -> 505.42555 | E49: =MIN(Additional_principal,B49-D49) -> 0 | F49: =MAX(B49-D49-E49,0) -> 277540.68 | G49: =SUM(C38:C49) -> 11231.45 | H49: =SUM(D38:D49) -> 5955.5005 | I49: =SUM(E38:E49) -> 0 | J49: ="year "&A49/12 -> year 4
A50: =1+A49 -> 49 | B50: =F49 -> 277540.68 | C50: =B50*Rate/12 -> 925.13559 | D50: =MIN(Payment,B50+C50)-C50 -> 507.1103 | E50: =MIN(Additional_principal,B50-D50) -> 0 | F50: =MAX(B50-D50-E50,0) -> 277033.57
A51: =1+A50 -> 50 | B51: =F50 -> 277033.57 | C51: =B51*Rate/12 -> 923.44522 | D51: =MIN(Payment,B51+C51)-C51 -> 508.80067 | E51: =MIN(Additional_principal,B51-D51) -> 0 | F51: =MAX(B51-D51-E51,0) -> 276524.77
A52: =1+A51 -> 51 | B52: =F51 -> 276524.77 | C52: =B52*Rate/12 -> 921.74922 | D52: =MIN(Payment,B52+C52)-C52 -> 510.49667 | E52: =MIN(Additional_principal,B52-D52) -> 0 | F52: =MAX(B52-D52-E52,0) -> 276014.27
A53: =1+A52 -> 52 | B53: =F52 -> 276014.27 | C53: =B53*Rate/12 -> 920.04756 | D53: =MIN(Payment,B53+C53)-C53 -> 512.19832 | E53: =MIN(Additional_principal,B53-D53) -> 0 | F53: =MAX(B53-D53-E53,0) -> 275502.07
A54: =1+A53 -> 53 | B54: =F53 -> 275502.07 | C54: =B54*Rate/12 -> 918.34023 | D54: =MIN(Payment,B54+C54)-C54 -> 513.90565 | E54: =MIN(Additional_principal,B54-D54) -> 0 | F54: =MAX(B54-D54-E54,0) -> 274988.16
A55: =1+A54 -> 54 | B55: =F54 -> 274988.16 | C55: =B55*Rate/12 -> 916.62722 | D55: =MIN(Payment,B55+C55)-C55 -> 515.61867 | E55: =MIN(Additional_principal,B55-D55) -> 0 | F55: =MAX(B55-D55-E55,0) -> 274472.55
A56: =1+A55 -> 55 | B56: =F55 -> 274472.55 | C56: =B56*Rate/12 -> 914.90849 | D56: =MIN(Payment,B56+C56)-C56 -> 517.3374 | E56: =MIN(Additional_principal,B56-D56) -> 0 | F56: =MAX(B56-D56-E56,0) -> 273955.21
A57: =1+A56 -> 56 | B57: =F56 -> 273955.21 | C57: =B57*Rate/12 -> 913.18403 | D57: =MIN(Payment,B57+C57)-C57 -> 519.06186 | E57: =MIN(Additional_principal,B57-D57) -> 0 | F57: =MAX(B57-D57-E57,0) -> 273436.15
A58: =1+A57 -> 57 | B58: =F57 -> 273436.15 | C58: =B58*Rate/12 -> 911.45382 | D58: =MIN(Payment,B58+C58)-C58 -> 520.79206 | E58: =MIN(Additional_principal,B58-D58) -> 0 | F58: =MAX(B58-D58-E58,0) -> 272915.35
A59: =1+A58 -> 58 | B59: =F58 -> 272915.35 | C59: =B59*Rate/12 -> 909.71785 | D59: =MIN(Payment,B59+C59)-C59 -> 522.52804 | E59: =MIN(Additional_principal,B59-D59) -> 0 | F59: =MAX(B59-D59-E59,0) -> 272392.83
A60: =1+A59 -> 59 | B60: =F59 -> 272392.83 | C60: =B60*Rate/12 -> 907.97609 | D60: =MIN(Payment,B60+C60)-C60 -> 524.2698 | E60: =MIN(Additional_principal,B60-D60) -> 0 | F60: =MAX(B60-D60-E60,0) -> 271868.56
A61: =1+A60 -> 60 | B61: =F60 -> 271868.56 | C61: =B61*Rate/12 -> 906.22852 | D61: =MIN(Payment,B61+C61)-C61 -> 526.01736 | E61: =MIN(Additional_principal,B61-D61) -> 0 | F61: =MAX(B61-D61-E61,0) -> 271342.54 | G61: =SUM(C50:C61) -> 10988.814 | H61: =SUM(D50:D61) -> 6198.1368 | I61: =SUM(E50:E61) -> 0 | J61: ="year "&A61/12 -> year 5
A62: =1+A61 -> 61 | B62: =F61 -> 271342.54 | C62: =B62*Rate/12 -> 904.47513 | D62: =MIN(Payment,B62+C62)-C62 -> 527.77076 | E62: =MIN(Additional_principal,B62-D62) -> 0 | F62: =MAX(B62-D62-E62,0) -> 270814.77
A63: =1+A62 -> 62 | B63: =F62 -> 270814.77 | C63: =B63*Rate/12 -> 902.7159 | D63: =MIN(Payment,B63+C63)-C63 -> 529.52999 | E63: =MIN(Additional_principal,B63-D63) -> 0 | F63: =MAX(B63-D63-E63,0) -> 270285.24
A64: =1+A63 -> 63 | B64: =F63 -> 270285.24 | C64: =B64*Rate/12 -> 900.9508 | D64: =MIN(Payment,B64+C64)-C64 -> 531.29509 | E64: =MIN(Additional_principal,B64-D64) -> 0 | F64: =MAX(B64-D64-E64,0) -> 269753.94
A65: =1+A64 -> 64 | B65: =F64 -> 269753.94 | C65: =B65*Rate/12 -> 899.17981 | D65: =MIN(Payment,B65+C65)-C65 -> 533.06607 | E65: =MIN(Additional_principal,B65-D65) -> 0 | F65: =MAX(B65-D65-E65,0) -> 269220.88
A66: =1+A65 -> 65 | B66: =F65 -> 269220.88 | C66: =B66*Rate/12 -> 897.40292 | D66: =MIN(Payment,B66+C66)-C66 -> 534.84296 | E66: =MIN(Additional_principal,B66-D66) -> 0 | F66: =MAX(B66-D66-E66,0) -> 268686.03
A67: =1+A66 -> 66 | B67: =F66 -> 268686.03 | C67: =B67*Rate/12 -> 895.62012 | D67: =MIN(Payment,B67+C67)-C67 -> 536.62577 | E67: =MIN(Additional_principal,B67-D67) -> 0 | F67: =MAX(B67-D67-E67,0) -> 268149.41
A68: =1+A67 -> 67 | B68: =F67 -> 268149.41 | C68: =B68*Rate/12 -> 893.83136 | D68: =MIN(Payment,B68+C68)-C68 -> 538.41452 | E68: =MIN(Additional_principal,B68-D68) -> 0 | F68: =MAX(B68-D68-E68,0) -> 267610.99
A69: =1+A68 -> 68 | B69: =F68 -> 267610.99 | C69: =B69*Rate/12 -> 892.03665 | D69: =MIN(Payment,B69+C69)-C69 -> 540.20924 | E69: =MIN(Additional_principal,B69-D69) -> 0 | F69: =MAX(B69-D69-E69,0) -> 267070.79
A70: =1+A69 -> 69 | B70: =F69 -> 267070.79 | C70: =B70*Rate/12 -> 890.23595 | D70: =MIN(Payment,B70+C70)-C70 -> 542.00994 | E70: =MIN(Additional_principal,B70-D70) -> 0 | F70: =MAX(B70-D70-E70,0) -> 266528.78
A71: =1+A70 -> 70 | B71: =F70 -> 266528.78 | C71: =B71*Rate/12 -> 888.42925 | D71: =MIN(Payment,B71+C71)-C71 -> 543.81664 | E71: =MIN(Additional_principal,B71-D71) -> 0 | F71: =MAX(B71-D71-E71,0) -> 265984.96
A72: =1+A71 -> 71 | B72: =F71 -> 265984.96 | C72: =B72*Rate/12 -> 886.61653 | D72: =MIN(Payment,B72+C72)-C72 -> 545.62936 | E72: =MIN(Additional_principal,B72-D72) -> 0 | F72: =MAX(B72-D72-E72,0) -> 265439.33
A73: =1+A72 -> 72 | B73: =F72 -> 265439.33 | C73: =B73*Rate/12 -> 884.79776 | D73: =MIN(Payment,B73+C73)-C73 -> 547.44812 | E73: =MIN(Additional_principal,B73-D73) -> 0 | F73: =MAX(B73-D73-E73,0) -> 264891.88 | G73: =SUM(C62:C73) -> 10736.292 | H73: =SUM(D62:D73) -> 6450.6585 | I73: =SUM(E62:E73) -> 0 | J73: ="year "&A73/12 -> year 6
A74: =1+A73 -> 73 | B74: =F73 -> 264891.88 | C74: =B74*Rate/12 -> 882.97294 | D74: =MIN(Payment,B74+C74)-C74 -> 549.27295 | E74: =MIN(Additional_principal,B74-D74) -> 0 | F74: =MAX(B74-D74-E74,0) -> 264342.61
A75: =1+A74 -> 74 | B75: =F74 -> 264342.61 | C75: =B75*Rate/12 -> 881.14203 | D75: =MIN(Payment,B75+C75)-C75 -> 551.10386 | E75: =MIN(Additional_principal,B75-D75) -> 0 | F75: =MAX(B75-D75-E75,0) -> 263791.5
A76: =1+A75 -> 75 | B76: =F75 -> 263791.5 | C76: =B76*Rate/12 -> 879.30501 | D76: =MIN(Payment,B76+C76)-C76 -> 552.94087 | E76: =MIN(Additional_principal,B76-D76) -> 0 | F76: =MAX(B76-D76-E76,0) -> 263238.56
A77: =1+A76 -> 76 | B77: =F76 -> 263238.56 | C77: =B77*Rate/12 -> 877.46188 | D77: =MIN(Payment,B77+C77)-C77 -> 554.78401 | E77: =MIN(Additional_principal,B77-D77) -> 0 | F77: =MAX(B77-D77-E77,0) -> 262683.78
A78: =1+A77 -> 77 | B78: =F77 -> 262683.78 | C78: =B78*Rate/12 -> 875.6126 | D78: =MIN(Payment,B78+C78)-C78 -> 556.63329 | E78: =MIN(Additional_principal,B78-D78) -> 0 | F78: =MAX(B78-D78-E78,0) -> 262127.15
A79: =1+A78 -> 78 | B79: =F78 -> 262127.15 | C79: =B79*Rate/12 -> 873.75715 | D79: =MIN(Payment,B79+C79)-C79 -> 558.48873 | E79: =MIN(Additional_principal,B79-D79) -> 0 | F79: =MAX(B79-D79-E79,0) -> 261568.66
A80: =1+A79 -> 79 | B80: =F79 -> 261568.66 | C80: =B80*Rate/12 -> 871.89552 | D80: =MIN(Payment,B80+C80)-C80 -> 560.35036 | E80: =MIN(Additional_principal,B80-D80) -> 0 | F80: =MAX(B80-D80-E80,0) -> 261008.31
A81: =1+A80 -> 80 | B81: =F80 -> 261008.31 | C81: =B81*Rate/12 -> 870.02769 | D81: =MIN(Payment,B81+C81)-C81 -> 562.2182 | E81: =MIN(Additional_principal,B81-D81) -> 0 | F81: =MAX(B81-D81-E81,0) -> 260446.09
A82: =1+A81 -> 81 | B82: =F81 -> 260446.09 | C82: =B82*Rate/12 -> 868.15363 | D82: =MIN(Payment,B82+C82)-C82 -> 564.09226 | E82: =MIN(Additional_principal,B82-D82) -> 0 | F82: =MAX(B82-D82-E82,0) -> 259882
A83: =1+A82 -> 82 | B83: =F82 -> 259882 | C83: =B83*Rate/12 -> 866.27332 | D83: =MIN(Payment,B83+C83)-C83 -> 565.97257 | E83: =MIN(Additional_principal,B83-D83) -> 0 | F83: =MAX(B83-D83-E83,0) -> 259316.02
A84: =1+A83 -> 83 | B84: =F83 -> 259316.02 | C84: =B84*Rate/12 -> 864.38675 | D84: =MIN(Payment,B84+C84)-C84 -> 567.85914 | E84: =MIN(Additional_principal,B84-D84) -> 0 | F84: =MAX(B84-D84-E84,0) -> 258748.16
A85: =1+A84 -> 84 | B85: =F84 -> 258748.16 | C85: =B85*Rate/12 -> 862.49388 | D85: =MIN(Payment,B85+C85)-C85 -> 569.752 | E85: =MIN(Additional_principal,B85-D85) -> 0 | F85: =MAX(B85-D85-E85,0) -> 258178.41 | G85: =SUM(C74:C85) -> 10473.482 | H85: =SUM(D74:D85) -> 6713.4682 | I85: =SUM(E74:E85) -> 0 | J85: ="year "&A85/12 -> year 7
A86: =1+A85 -> 85 | B86: =F85 -> 258178.41 | C86: =B86*Rate/12 -> 860.59471 | D86: =MIN(Payment,B86+C86)-C86 -> 571.65118 | E86: =MIN(Additional_principal,B86-D86) -> 0 | F86: =MAX(B86-D86-E86,0) -> 257606.76
A87: =1+A86 -> 86 | B87: =F86 -> 257606.76 | C87: =B87*Rate/12 -> 858.68921 | D87: =MIN(Payment,B87+C87)-C87 -> 573.55668 | E87: =MIN(Additional_principal,B87-D87) -> 0 | F87: =MAX(B87-D87-E87,0) -> 257033.2
A88: =1+A87 -> 87 | B88: =F87 -> 257033.2 | C88: =B88*Rate/12 -> 856.77735 | D88: =MIN(Payment,B88+C88)-C88 -> 575.46854 | E88: =MIN(Additional_principal,B88-D88) -> 0 | F88: =MAX(B88-D88-E88,0) -> 256457.74
A89: =1+A88 -> 88 | B89: =F88 -> 256457.74 | C89: =B89*Rate/12 -> 854.85912 | D89: =MIN(Payment,B89+C89)-C89 -> 577.38677 | E89: =MIN(Additional_principal,B89-D89) -> 0 | F89: =MAX(B89-D89-E89,0) -> 255880.35
A90: =1+A89 -> 89 | B90: =F89 -> 255880.35 | C90: =B90*Rate/12 -> 852.9345 | D90: =MIN(Payment,B90+C90)-C90 -> 579.31139 | E90: =MIN(Additional_principal,B90-D90) -> 0 | F90: =MAX(B90-D90-E90,0) -> 255301.04
A91: =1+A90 -> 90 | B91: =F90 -> 255301.04 | C91: =B91*Rate/12 -> 851.00346 | D91: =MIN(Payment,B91+C91)-C91 -> 581.24243 | E91: =MIN(Additional_principal,B91-D91) -> 0 | F91: =MAX(B91-D91-E91,0) -> 254719.8
A92: =1+A91 -> 91 | B92: =F91 -> 254719.8 | C92: =B92*Rate/12 -> 849.06599 | D92: =MIN(Payment,B92+C92)-C92 -> 583.1799 | E92: =MIN(Additional_principal,B92-D92) -> 0 | F92: =MAX(B92-D92-E92,0) -> 254136.62
A93: =1+A92 -> 92 | B93: =F92 -> 254136.62 | C93: =B93*Rate/12 -> 847.12205 | D93: =MIN(Payment,B93+C93)-C93 -> 585.12383 | E93: =MIN(Additional_principal,B93-D93) -> 0 | F93: =MAX(B93-D93-E93,0) -> 253551.49
A94: =1+A93 -> 93 | B94: =F93 -> 253551.49 | C94: =B94*Rate/12 -> 845.17164 | D94: =MIN(Payment,B94+C94)-C94 -> 587.07425 | E94: =MIN(Additional_principal,B94-D94) -> 0 | F94: =MAX(B94-D94-E94,0) -> 252964.42
A95: =1+A94 -> 94 | B95: =F94 -> 252964.42 | C95: =B95*Rate/12 -> 843.21473 | D95: =MIN(Payment,B95+C95)-C95 -> 589.03116 | E95: =MIN(Additional_principal,B95-D95) -> 0 | F95: =MAX(B95-D95-E95,0) -> 252375.39
A96: =1+A95 -> 95 | B96: =F95 -> 252375.39 | C96: =B96*Rate/12 -> 841.25129 | D96: =MIN(Payment,B96+C96)-C96 -> 590.9946 | E96: =MIN(Additional_principal,B96-D96) -> 0 | F96: =MAX(B96-D96-E96,0) -> 251784.39
A97: =1+A96 -> 96 | B97: =F96 -> 251784.39 | C97: =B97*Rate/12 -> 839.28131 | D97: =MIN(Payment,B97+C97)-C97 -> 592.96458 | E97: =MIN(Additional_principal,B97-D97) -> 0 | F97: =MAX(B97-D97-E97,0) -> 251191.43 | G97: =SUM(C86:C97) -> 10199.965 | H97: =SUM(D86:D97) -> 6986.9853 | I97: =SUM(E86:E97) -> 0 | J97: ="year "&A97/12 -> year 8
A98: =1+A97 -> 97 | B98: =F97 -> 251191.43 | C98: =B98*Rate/12 -> 837.30476 | D98: =MIN(Payment,B98+C98)-C98 -> 594.94113 | E98: =MIN(Additional_principal,B98-D98) -> 0 | F98: =MAX(B98-D98-E98,0) -> 250596.49
A99: =1+A98 -> 98 | B99: =F98 -> 250596.49 | C99: =B99*Rate/12 -> 835.32162 | D99: =MIN(Payment,B99+C99)-C99 -> 596.92427 | E99: =MIN(Additional_principal,B99-D99) -> 0 | F99: =MAX(B99-D99-E99,0) -> 249999.56
A100: =1+A99 -> 99 | B100: =F99 -> 249999.56 | C100: =B100*Rate/12 -> 833.33187 | D100: =MIN(Payment,B100+C100)-C100 -> 598.91401 | E100: =MIN(Additional_principal,B100-D100) -> 0 | F100: =MAX(B100-D100-E100,0) -> 249400.65
...

Sheet nexs.app
A1: # NExS app configuration - generated by the NExS Excel Add-in
A2: # App type: Interactive Calculator
A3: app | B3: Mortgage Calculator
A4: view | B4: Sheet1!B2:K23
B5: name | C5: Main
B6: input | C6: C7:C10
B7: input | C7: C15:C19
A8: end
